 Dungeon Crawl Stone Soup version 0.16.1-11-g651b585 (webtiles) character file.

72 TMix the Sneak (level 4, 0/23 HPs)
             Began as a Vine Stalker Assassin on Apr 2, 2015.
             Slain by an orc
             ... wielding a +0 hand axe
              (5 damage)
             ... on level 2 of the Dungeon.
             The game lasted 00:08:27 (1437 turns).

TMix the Sneak (Vine Stalker Assassin)              Turns: 1437, Time: 00:08:27

Health: 0/23       AC:  3    Str: 13    XL:     4   Next: 26%
Magic:  0/5        EV: 12    Int: 11    God:
Gold:   113        SH:  0    Dex: 17    Spells: 0 memorised, 3 levels left

rFire  . . .     SeeInvis .     a - +2 dagger
rCold  . . .     Clarity  .     i - +0 robe
rNeg   . . .     SustAb   .     (no shield)
rPois  .         Gourm    .     (no helmet)
rElec  .         Spirit   +     d - +0 cloak
rCorr  .         Warding  .     (no gloves)
rMut   .         Stasis   .     (no boots)
MR     .....                    (no amulet)
Stlth  +++.......               (no ring)
                                (no ring)

@: not resistant to hostile enchantments, fairly stealthy
A: fangs 2, regeneration 1, magic shield, antimagic bite, no device heal 3, rot
immunity
a: no special abilities


You were on level 2 of the Dungeon.
You were hungry.

You visited 1 branch of the dungeon, and saw 3 of its levels.

You collected 113 gold pieces.

Inventory:

Hand weapons
 a - a +2 dagger (weapon)
 b - a +0 blowgun
 q - a -1 dagger
 r - a +0 falchion
 u - a +0 hunting sling
 x - a +0 falchion
 y - a cursed -1 falchion
Missiles
 e - 8 poisoned needles
 f - 6 curare-tipped needles
 v - 19 stones (quivered)
 w - 17 exploding sling bullets
Armour
 c - a +0 robe
 d - a +0 cloak (worn)
 h - a +0 robe
 i - a +0 robe (worn)
Jewellery
 m - an uncursed ring of sustain abilities {unknown}
 s - a +3 ring of strength {unknown}
Scrolls
 k - a scroll of remove curse
 o - 5 scrolls of identify {unknown}
 p - a scroll of fear {unknown}
Potions
 j - a potion of heal wounds {unknown}
 n - 4 potions of curing {unknown}
Comestibles
 g - 3 bread rations
 l - a beef jerky


   Skills:
 + Level 2.0 Fighting
 + Level 2.2 Short Blades
 + Level 1.8 Throwing
 + Level 1.0 Dodging
 + Level 6.4 Stealth


You had 3 spell levels left.
You didn't know any spells.

Dungeon Overview and Level Annotations

Branches:
Dungeon (3/15)

Altars:
Sif Muna


Innate Abilities, Weirdness & Mutations

You have extremely sharp teeth.
Your natural rate of healing is unusually fast.
When hurt, damage is shared between your health and your magic reserves.
Your bite disrupts and absorbs the magic of your enemies.
Potions and wands cannot restore your health.
You are immune to rotting.


Message History

You closely miss the orc.
The orc is moderately wounded.
The orc hits you with a hand axe.
You hit the orc. Your bite misses the orc.
The orc is heavily wounded.
The orc priest calls down the wrath of Beogh upon you.
Something smites you!
* * * LOW HITPOINT WARNING * * *
There is a stone staircase leading up here.
You climb upwards.
There is a stone staircase leading down here.
Really walk into that teleport trap?
Okay, then.
You hit the orc. Your bite misses the orc.
The orc is heavily wounded.
The orc closely misses you.
You hit the orc.
The orc is almost dead.
The orc hits you with a hand axe.
You die...

## #.>.....# #.# #
####.#### #.# # #..####
#.# # ##....##### ##.# #
##.......# #..#
##....##### #.##
##......##_# #.##
##......o##'##########...
#.......@#...#.[#......##
#.......^#...##.#.####.#
##.......#...#..†..###.##
###.......#...#####.......
#...#....##...# #####.##
#.####....#...# #.# ##.#
####.#...# #(# #..#
###)..# #.# ###.## #...#
#.#


You could see an orc.

Vanquished Creatures
  Ijyb (D:3)
  A giant mite (D:2)
  A worm (D:2)
  6 orcs (D:3)
  3 giant cockroaches (D:2)
  4 hobgoblins
  2 jackals (D:1)
  5 kobolds
  4 bats
  A giant gecko (D:2)
  A giant newt (D:2)
  6 goblins
  3 rats
38 creatures vanquished.

Notes
Turn   | Place    | Note
--------------------------------------------------------------
     0 | D:1      | TMix, the Vine Stalker Assassin, began the quest for the Orb.
     0 | D:1      | Reached XP level 1. HP: 11/11 MP: 1/1
    81 | D:1      | Reached skill level 5 in Stealth
   125 | D:1      | Reached XP level 2. HP: 9/15 MP: 0/3
   892 | D:2      | Reached XP level 3. HP: 16/18 MP: 4/4
   936 | D:2      | Found a deep blue altar of Sif Muna.
  1310 | D:3      | Reached skill level 1 in Dodging
  1318 | D:3      | Reached skill level 6 in Stealth
  1329 | D:3      | Noticed Ijyb
  1336 | D:3      | Killed Ijyb
  1336 | D:3      | Reached XP level 4. HP: 17/23 MP: 5/5
  1437 | D:2      | Slain by an orc

Action                   |  1- 3 |  4- 6 || total
-------------------------+-------+-------++-------
Melee: Dagger            |   102 |    13 ||   115
  Use: Scroll            |     2 |       ||     2
 Stab: Sleeping          |    11 |       ||    11
  Eat: Chunk             |     1 |       ||     1
